AoeStats
← Caribe

Arena

508369684Analyzed
1v1 RM · 11d ago on Sep 22, 2026· 50m 38s· 2 players
Game mode
Random Map
Map size
Tiny (2 player)
Population
200
Speed
Normal
Resources
Standard
Victory
Conquest
Starting age
Dark Age
Ending age
Imperial Age
RankedLock teamsTeams togetherTeam positionsShared explorationLock speedFull tech treeHidden civsTurbo modeCheats
Victory
Defeat
🇻🇪 Spanish · Venezuela
1246
+16
🇲🇽 Teutons · Mexico
1255
-16
Caribe
10:52 Feudal Age
11:04 Loom
12:49 Fletching
18:14 Castle Age
16:46 Padded Archer Armor
18:01 Double-Bit Axe
21:54 Horse Collar
24:30 Bow Saw
24:29 Heavy Plow
32:14 Imperial Age
31:24 Husbandry
34:23 Bloodlines
35:23 Chemistry
35:25 Cavalier
36:16 Forging
36:27 Scale Barding Armor
38:04 Iron Casting
38:07 Ballistics
37:42 Light Cavalry
38:46 Chain Barding Armor
40:45 Blast Furnace
41:44 Gold Mining
45:00 Wheelbarrow
44:10 Town Watch
45:05 Hussar
46:22 Plate Barding Armor
[GDL] PaaEZ
6:33 Loom
9:41 Feudal Age
11:15 Fletching
15:22 Double-Bit Axe
16:52 Horse Collar
22:35 Castle Age
23:21 Pikeman
28:48 Imperial Age
26:47 Padded Archer Armor
27:35 Elite Skirmisher
29:19 Bodkin Arrow
31:16 Leather Archer Armor
44:20 Pikeman
46:28 Chemistry
47:06 Wheelbarrow
48:41 Squires
Connection lost

Rejoining the realm…

Still unreachable

The connection could not be restored.

Session expired

The server has moved on; the page needs a fresh start.